 Dungeon Crawl Stone Soup version 0.23-a0-636-g0ff6057 (webtiles) character file.

148 nikopol the Chopper (level 5, -3/47 HPs)
             Began as a Minotaur Berserker on Dec 28, 2018.
             Was a Believer of Trog.
             Slain by a scorpion (8 damage)
             ... on level 4 of the Dungeon.
             The game lasted 00:03:07 (2093 turns).

nikopol the Chopper (Minotaur Berserker)            Turns: 2093, Time: 00:03:08

Health: -3/47      AC:  7    Str: 22    XL:     5   Next: 8%
Magic:  4/4        EV: 11    Int:  4    God:    Trog [**....]
Gold:   153        SH:  0    Dex: 10    Spells: 4/4 levels left

rFire    . . .     SeeInvis .   a - +0 hand axe
rCold    . . .     Gourm    .   (no shield)
rNeg     . . .     Faith    .   r - +0 scale mail
rPois    .         Spirit   .   (helmet restricted)
rElec    .         Reflect  .   h - +0 cloak (curse)
rCorr    .         Harm     .   (no gloves)
MR       .....                  (no boots)
Stlth    ..........             (no amulet)
HPRegen  0.15/turn              (no ring)
MPRegen  0.09/turn              (no ring)

@: lethally poisoned (-3 -> -31), slowed, lost intelligence, very slow
A: retaliatory headbutt, horns 2
a: Berserk, Trog's Hand, Renounce Religion


You were on level 4 of the Dungeon.
You worshipped Trog.
Trog was pleased with you.
You were hungry.

You visited 1 branch of the dungeon, and saw 4 of its levels.

You collected 153 gold pieces.

Inventory:

Hand Weapons
 a - a +0 hand axe (weapon)
Armour
 b - a +0 animal skin
 h - a cursed +0 cloak (worn)
 r - a +0 scale mail (worn)
Jewellery
 e - an uncursed amulet of magic regeneration {unknown}
 n - an uncursed ring of resist corrosion {unknown}
Scrolls
 d - a scroll of immolation {unknown}
 g - 3 scrolls of identify {unknown}
 i - a scroll of enchant weapon {unknown}
 j - 5 scrolls of remove curse {unknown}
 m - 3 scrolls of amnesia {unknown}
 o - a scroll of magic mapping {unknown}
Potions
 f - a potion of resistance {unknown}
 k - a potion of lignification {unknown}
 l - 2 potions of berserk rage {unknown}
 p - a potion of might {unknown}
 q - a potion of curing {unknown}
Comestibles
 c - 9 rations


   Skills:
 + Level 4.8 Fighting
 + Level 5.3 Axes
 + Level 2.8 Armour
 + Level 3.2 Dodging
 + Level 0.4 Stealth


You had 4 spell levels left.
You didn't know any spells.
Your spell library was empty.

Dungeon Overview and Level Annotations

Branches:
Dungeon (4/15)             Temple (0/1) D:4

Altars:
Elyvilon
Zin


Innate Abilities, Weirdness & Mutations

You reflexively headbutt those who attack you in melee.
You have a pair of horns on your head.


Message History

You hit the scorpion.
The scorpion is heavily wounded.
You feel sick. The scorpion stings you!
You are more poisoned.
The scorpion poisons you!
You hit the scorpion.
The scorpion is severely wounded.
You feel very sick. The scorpion stings you!
* * * LOW HITPOINT WARNING * * *
The scorpion stings you.
* * * LOW HITPOINT WARNING * * *
You are more poisoned.
The scorpion poisons you!
You closely miss the scorpion.
The scorpion is severely wounded.
* * * LOW HITPOINT WARNING * * *
You feel very sick. The scorpion barely misses you. The scorpion stings you!
You die...

###'###...##......########
##...#####.......#.##.....#
............#.##.#.##)....#
..............##..........#
............#.##.#.##...###
##...#####...[...#.##..##
#....<....##......#####
#.#.#####.......### #...#
#.##.#.@# .....# #.#.s.#
###.## #....... .#
###...### .# #.### . .. #
.# ..


You could see a scorpion.

Vanquished Creatures
  A howler monkey (D:2)
  Terence (D:3)
  Robin (D:2)
  2 adders (D:3)
  2 leopard geckos
  An orc (D:3)
  5 giant cockroaches
  12 goblins
  8 hobgoblins
  A quokka (D:3)
  5 bats (D:1)
  7 frilled lizards
  5 kobolds
  2 rats
53 creatures vanquished.

Notes
Turn   | Place    | Note
-------+----------+-------------------------------------------
     0 | D:1      | nikopol the Minotaur Berserker began the quest for the Orb.
     0 | D:1      | Reached XP level 1. HP: 19/19 MP: 0/0
   290 | D:1      | Reached XP level 2. HP: 24/27 MP: 1/1
   319 | D:1      | Reached skill level 4 in Axes
   717 | D:2      | Noticed a howler monkey
   725 | D:2      | Killed a howler monkey
   725 | D:2      | Reached XP level 3. HP: 34/34 MP: 2/2
   775 | D:2      | You fall through a shaft!
   783 | D:3      | Found a white marble altar of Elyvilon.
   832 | D:2      | Reached XP level 4. HP: 29/41 MP: 3/3
   854 | D:2      | Reached ** piety under Trog
   990 | D:2      | Noticed Robin
  1015 | D:2      | Killed Robin
  1199 | D:2      | Reached skill level 5 in Axes
  1455 | D:3      | Noticed Terence
  1465 | D:3      | Killed Terence
  1548 | D:3      | Reached XP level 5. HP: 44/47 MP: 4/4
  1835 | D:3      | Found a glowing silver altar of Zin.
  2044 | D:4      | Found a staircase to the Ecumenical Temple.
  2064 | D:4      | Got a slimy spear
  2065 | D:4      | Lost intelligence.
  2065 | D:4      | Identified the +2 spear of Hunaty {drain, rF+ Int-5 SInv}
                  | (You found it on level 4 of the Dungeon)
  2093 | D:4      | Slain by a scorpion

Vault maps used:
D:1:      mushboom_english_gardens, nrook_uturn
D:2:      first_ration, uniq_robin
D:3:      elyvilon_altar_1, zin_scriptorium, uniq_terence
D:4:      kennysheep_goblin_castle, minmay_temple_entry_glassed_door,
          minmay_puff, uniq_edmund

Skill      XL: |  1  2  3  4 |
---------------+-------------+-----
Axes           | 4 5 |  5.3
Fighting       | 4 |  4.8
Dodging        | 3 |  3.2
Armour         | |  2.8
Stealth        | |  0.4

Action                   |  1- 3 |  4- 6 || total
-------------------------+-------+-------++-------
Melee: Hand axe          |    55 |    64 ||   119
       Headbutt          |     8 |    15 ||    23
Invok: Berserk           |     1 |     1 ||     2
  Eat: Chunk             |     1 |     4 ||     5
Armor: Animal skin       |    16 |    10 ||    26
       Scale mail        |       |     4 ||     4
Dodge: Dodged            |    32 |    31 ||    63

Table legend:
 A = Non-vault XP
 B = Vault XP
 C = Vault XP percentage of total XP
 D = Non-vault monster count
 E = Vault monster count
 F = Vault count percentage of total count
                 A         B        C        D         E       F
            +---------+---------+-------+---------+---------+-------
      Total |     142 |      70 |  33.0 |      41 |      12 |  22.6
            +---------+---------+-------+---------+---------+-------
        D:1 |      23 |       0 |   0.0 |      16 |       0 |   0.0
        D:2 |      74 |      34 |  31.5 |      13 |      11 |  45.8
        D:3 |      45 |      36 |  44.4 |      12 |       1 |   7.7
            +---------+---------+-------+---------+---------+-------
